Map: Rhoskallian LE

Players

Massa

  • Race: Terran Terran
  • League: Platinum
  • Spawn Location: 6:00

qqq

  • Race: Zerg Zerg
  • League: Platinum
  • Spawn Location: 5:00

whiteman - Winner!

  • Race: Zerg Zerg
  • League: Diamond
  • Spawn Location: 11:00

Kornisey - Winner!

  • Race: Protoss Protoss
  • League: Diamond
  • Spawn Location: 12:00

VOD

Have the link to the VOD?

Description

Time

  • Played on: Jan. 22, 2021, 12:11 p.m.
  • Length: 9:44
Show
View Real Time Build Order
Export as new Build Order

Massa Terran 

Build Orders:  

Get SALT Encoding   

  12  0:02  SCV  
  13  0:14  SCV  
  14  0:25  Supply Depot  
  14  0:26  SCV  
  15  0:46  SCV  
  15  0:48  Refinery  
  15  0:49  Barracks  
  16  0:58  SCV  
  17  1:10  SCV  
  18  1:22  SCV  
  18  1:35  SCV  
  19  1:40  Command Center  
  20  1:47  SCV  
  20  1:59  Supply Depot  
  20  2:00  Barracks Reactor  
  21  2:04  Orbital Command  
  20  2:16  Factory  
  21  2:30  SCV  
  21  2:36  Marine  
  21  2:37  Marine  
  22  2:42  SCV  
  22  2:43  Refinery  
  24  2:54  SCV, Marine x2  
  24  2:57  Orbital Command  
  27  3:02  Hellion  
  29  3:09  Starport  
  29  3:13  SCV  
  28  3:20  Marine x2  
  28  3:25  SCV  
  28  3:26  Supply Depot  
  31  3:30  SCV  
  32  3:37  SCV  
  32  3:38  Marine x2  
  35  3:58  Starport Tech Lab  
  35  4:05  SCV x2, Barracks Tech Lab  
  35  4:09  Supply Depot  
  41  4:10  Hellion x2  
  44  4:31  Hellion x2  
  37  5:00  Banshee  
  37  5:02  Cloaking Field  
  33  5:17  Widow Mine x2  
  33  5:18  Marauder  
  33  5:20  Stimpack  
  39  5:22  SCV x2  
  41  5:31  Barracks x2  
  41  5:34  SCV x2  
  43  5:38  Widow Mine x2  
  43  5:40  Marauder  
  49  5:43  Banshee  
  49  5:46  SCV x2  
  49  5:48  Supply Depot  
  52  6:00  Widow Mine x2  
  52  6:01  Marine  
  55  6:13  SCV x2  
  57  6:21  Widow Mine x2  
  57  6:25  SCV x2  
  63  6:32  Barracks Reactor, Barracks Tech Lab  
  63  6:33  Marine  
  63  6:36  Medivac  
  66  6:43  Refinery  
  66  6:45  Engineering Bay  
  66  6:48  Armory  
  66  6:51  Marine  
  67  6:54  Command Center  
  67  6:55  Command Center  
  67  7:06  Medivac  
  69  7:09  Marine  
  70  7:22  Missile Turret, Supply Depot  
  70  7:23  Supply Depot  
  70  7:26  Missile Turret  
  70  7:34  Widow Mine, SCV  
  70  7:43  Widow Mine, SCV, Marine x4  
  77  7:46  Missile Turret, Supply Depot  
  77  7:49  Supply Depot  
  77  7:56  Widow Mine  
  76  8:01  Marine x4  
  76  8:05  Widow Mine  
  82  8:10  Supply Depot  
  82  8:15  Supply Depot  
  82  8:16  Medivac  
  82  8:19  Marine x4  
  78  8:34  Supply Depot  
  78  8:36  Marine x2  
  78  8:37  Marine x2  
  71  8:46  Medivac  
  71  8:48  Widow Mine x2  
  71  8:54  Marine x2  
  71  8:55  Marauder, Marine  
  73  8:57  Missile Turret  
  61  9:09  Widow Mine  
  60  9:10  Widow Mine  
  60  9:12  Marine x2  
  60  9:13  Marauder  
  60  9:35  Missile Turret  
  59  9:40  Missile Turret  
  59  9:41  Missile Turret  
Show
View Real Time Build Order
Export as new Build Order

qqq Zerg 

Build Orders: Hatch First 

Get SALT Encoding   

  12  0:01  Drone  
  13  0:09  Drone  
  14  0:19  Overlord  
  14  0:49  Drone  
  15  0:50  Hatchery  
  14  0:58  Drone x2  
  16  1:18  Spawning Pool  
  16  1:22  Extractor  
  14  1:28  Drone  
  14  1:29  Drone x2  
  17  1:41  Drone  
  18  1:51  Drone  
  19  2:02  Drone  
  19  2:05  Drone, Queen  
  23  2:09  Queen  
  26  2:15  Drone  
  26  2:20  Overlord  
  26  2:26  Metabolic Boost  
  26  2:32  Drone  
  26  2:36  Zergling x2  
  27  2:37  Zergling x2  
  27  2:40  Drone  
  29  2:45  Zergling x2  
  29  2:47  Drone  
  31  2:57  Roach Warren  
  30  3:00  Overlord  
  30  3:03  Zergling x2  
  31  3:11  Lair  
  31  3:13  Zergling x2  
  31  3:16  Zergling x2  
  33  3:22  Zergling x4  
  33  3:25  Zergling x2  
  37  3:27  Zergling x2  
  37  3:32  Overlord  
  37  3:35  Zergling x2  
  37  3:39  Zergling x2  
  37  3:41  Roach  
  41  3:45  Roach  
  41  3:48  Drone  
  44  3:53  Roach  
  47  3:55  Drone  
  47  4:01  Overlord  
  48  4:02  Zergling x2  
  48  4:08  Glial Reconstitution  
  48  4:13  Overlord  
  48  4:22  Zergling x4  
  48  4:23  Zergling x2  
  48  4:24  Roach  
  53  4:38  Roach x2  
  51  4:43  Overlord x2  
  52  4:45  Zergling x4  
  52  4:57  Roach x2  
  44  5:15  Roach  
  44  5:16  Roach  
  47  5:27  Roach  
  47  5:29  Zergling x4  
  47  5:31  Drone, Zergling x6  
  49  6:06  Roach x3  
  49  6:07  Drone  
  49  6:08  Drone x2  
  49  6:11  Extractor  
  56  6:18  Extractor  
  55  6:36  Roach x3  
  55  6:37  Drone x2  
  55  6:38  Zergling x2  
  64  6:42  Hatchery  
  63  6:49  Hatchery  
  63  6:52  Zergling x6  
  63  6:53  Drone x3  
  68  7:03  Drone  
  68  7:05  Extractor  
  68  7:10  Drone x4  
  68  7:11  Drone x2  
  68  7:12  Drone x2  
  76  7:25  Spire  
  71  7:31  Spore Crawler  
  71  7:33  Spore Crawler  
  69  7:37  Zergling x4  
  69  7:38  Drone x4  
  69  7:39  Drone  
  76  7:47  Drone  
  77  7:53  Infestation Pit  
  77  7:58  Drone  
  77  7:59  Drone  
  78  8:08  Drone  
  78  8:09  Drone x4, Queen  
  85  8:14  Spore Crawler  
  78  8:30  Roach x6  
  78  8:31  Drone x4  
  84  8:45  Mutalisk x2  
  84  8:46  Mutalisk x2  
  84  8:48  Mutalisk  
  76  8:50  Mutalisk  
  78  8:58  Spore Crawler  
  78  9:00  Spine Crawler  
  74  9:03  Mutalisk x2  
  74  9:06  Overseer  
  75  9:13  Overseer  
Show
View Real Time Build Order
Export as new Build Order

whiteman Zerg - Winner!

Build Orders: Hatch First, Muta Ling Bane 

Get SALT Encoding   

  12  0:00  Drone  
  13  0:13  Overlord  
  13  0:21  Drone  
  14  0:34  Drone x2  
  16  0:53  Hatchery  
  16  0:56  Drone  
  16  0:58  Drone  
  16  1:02  Drone  
  18  1:13  Extractor  
  17  1:18  Spawning Pool  
  17  1:21  Drone  
  18  1:25  Drone  
  18  1:29  Drone  
  19  1:42  Drone  
  20  1:50  Overlord  
  20  2:05  Queen  
  20  2:06  Queen  
  20  2:07  Zergling x4  
  26  2:12  Drone  
  27  2:17  Drone  
  27  2:20  Metabolic Boost  
  28  2:23  Drone  
  29  2:36  Drone  
  31  2:37  Drone  
  31  2:38  Drone  
  32  2:56  Pneumatized Carapace  
  32  2:58  Hatchery  
  31  3:07  Drone  
  31  3:08  Drone x4  
  36  3:22  Overlord x3  
  36  3:40  Queen, Overlord x2  
  38  3:43  Lair  
  38  3:45  Extractor  
  38  3:47  Extractor  
  36  3:52  Drone x3  
  39  3:58  Baneling Nest  
  38  4:07  Zergling x10  
  43  4:14  Zergling x6  
  45  4:40  Drone x2  
  45  4:41  Drone x4  
  47  4:59  Zergling x12  
  47  5:09  Spire  
  47  5:10  Queen  
  47  5:16  Hatchery, Zergling x2  
  47  5:17  Zergling x6  
  50  5:22  Extractor  
  50  5:24  Drone  
  50  5:25  Drone x2  
  51  5:41  Drone x2  
  51  5:42  Drone  
  54  5:43  Drone x3  
  57  5:55  Extractor  
  53  5:58  Extractor  
  53  6:00  Spore Crawler  
  53  6:02  Overseer x2  
  51  6:07  Drone  
  51  6:10  Drone, Spore Crawler  
  51  6:11  Drone x3  
  55  6:17  Drone  
  56  6:41  Mutalisk x7  
  56  6:43  Drone x2  
  56  6:44  Drone  
  73  6:51  Drone x2  
  75  7:05  Centrifical Hooks  
  75  7:10  Drone x3, Evolution Chamber  
  75  7:12  Evolution Chamber, Zerg Flyer Weapons Level 1  
  72  7:33  Mutalisk x3  
  78  7:53  Drone x4  
  78  7:54  Overlord  
  78  7:55  Overlord x6  
  82  8:00  Extractor  
  82  8:01  Hatchery  
  82  8:03  Zergling x2  
  82  8:04  Extractor, Zergling x2  
  81  8:09  Baneling x4  
  81  8:16  Overseer  
  81  8:19  Mutalisk x5  
  91  8:28  Zergling x16  
  96  8:44  Mutalisk x4  
  96  8:47  Drone x6  
  103  9:02  Mutalisk  
  102  9:03  Mutalisk x2  
  102  9:08  Baneling x4  
  109  9:10  Drone x4  
Show
View Real Time Build Order
Export as new Build Order

Kornisey Protoss - Winner!

Build Orders:  

Get SALT Encoding   

  12  0:00  Probe  
  13  0:12  Probe  
  14  0:18  Pylon  
  14  0:24  Probe  
  15  0:36  Probe (Chrono Boost)  
  15  0:40  Gateway  
  16  0:46  Assimilator  
  16  0:49  Probe (Chrono Boost)  
  18  0:58  Probe (Chrono Boost)  
  18  1:06  Probe  
  19  1:18  Probe  
  20  1:30  Probe  
  20  1:36  Cybernetics Core  
  20  1:48  Nexus  
  20  1:53  Assimilator  
  20  1:54  Probe (Chrono Boost)  
  21  2:03  Probe (Chrono Boost)  
  21  2:08  Probe (Chrono Boost)  
  22  2:12  Warp Gate  
  22  2:13  Pylon  
  23  2:30  Gateway, Adept (Chrono Boost)  
  23  2:31  Probe  
  26  2:43  Probe  
  27  2:45  Twilight Council  
  27  2:50  Pylon  
  27  2:55  Probe  
  28  3:00  Adept  
  28  3:04  Probe  
  31  3:11  Probe (Chrono Boost)  
  32  3:16  Adept  
  32  3:17  Resonating Glaives (Chrono Boost)  
  34  3:20  Probe (Chrono Boost)  
  36  3:30  Probe (Chrono Boost)  
  36  3:31  Probe (Chrono Boost)  
  36  3:33  Adept  
  39  3:35  Probe (Chrono Boost)  
  39  3:39  Probe  
  41  3:47  Probe  
  44  3:51  Probe  
  43  3:59  Probe  
  43  4:01  Adept  
  46  4:03  Probe  
  47  4:11  Probe, Adept  
  47  4:14  Assimilator  
  47  4:15  Probe  
  51  4:21  Adept  
  53  4:27  Shield Battery  
  53  4:45  Pylon  
  53  4:50  Gateway  
  53  4:52  Gateway  
  53  5:04  Adept x2  
  55  5:27  Probe x2  
  57  5:28  Adept x2  
  57  5:34  Assimilator  
  61  5:36  Dark Shrine  
  61  5:39  Probe, Charge (Chrono Boost), Pylon  
  61  5:40  Gateway  
  62  5:43  Gateway  
  62  5:44  Gateway  
  62  5:45  Pylon  
  62  5:46  Pylon  
  62  5:57  Probe  
  63  6:09  Stalker x4  
  71  6:13  Shield Battery  
  70  6:40  Robotics Facility  
  70  6:41  Pylon  
  70  6:46  Pylon  
  70  6:51  Forge, Stalker x2  
  70  6:52  Stalker x4  
  70  6:53  Stalker  
  70  6:54  Pylon  
  84  7:00  Blink (Chrono Boost)  
  84  7:15  Sentry x2  
  88  7:17  Zealot x2  
  88  7:18  Zealot x3  
  98  7:33  Protoss Ground Weapons Level 1  
  98  7:47  Dark Templar  
  98  7:48  Dark Templar x3  
  98  7:51  Warp Prism (Chrono Boost)  
  78  9:09  Stalker x3  
  82  9:10  Stalker x2  
  82  9:11  Stalker  
  84  9:32  Stalker x3  
  84  9:33  Adept x3  
  84  9:34  Adept  
Tags
 
Add a new tag
Caveats
  • Supply blocks, unpowered buildings, or Contaminate may cause inaccurate times.
  • Supply counts are checked every 10 seconds.